 Dungeon Crawl Stone Soup version 0.21.1 (webtiles) character file.

555 KamiKatze the Conjurer (level 7, -4/36 HPs)
             Began as a Deep Elf Conjurer on Feb 4, 2018.
             Slain by a hippogriff (7 damage)
             ... on level 6 of the Dungeon.
             The game lasted 00:17:22 (3084 turns).

KamiKatze the Conjurer (Deep Elf Conjurer)          Turns: 3084, Time: 00:17:24

Health: -4/36      AC:  4    Str:  5    XL:     7   Next: 8%
Magic:  10/17      EV: 13    Int: 22    God:
Gold:   164        SH:  0    Dex: 17    Spells: 3/17 levels left

rFire    . . .     SeeInvis .   f - +0 dagger
rCold    . . .     Gourm    .   (no shield)
rNeg     + . .     Faith    .   i - +1 robe {rN+}
rPois    .         Spirit   .   (no helmet)
rElec    .         Reflect  .   (no cloak)
rCorr    .         Harm     .   m - +0 pair of gloves
MR       .....                  (no boots)
Stlth    ++........             (no amulet)
HPRegen  0.12/turn              a - +2 ring of dexterity
MPRegen  0.15/turn              (no ring)

@: no status effects
A: no striking features
a: no special abilities


You were on level 6 of the Dungeon.
You were not hungry.

You visited 1 branch of the dungeon, and saw 6 of its levels.

You collected 164 gold pieces.

Inventory:

Hand Weapons
 f - a +0 dagger (weapon)
Armour
 i - a +1 robe of positive energy (worn)
 m - a +0 pair of gloves (worn)
 n - a +1 buckler
Jewellery
 a - a +2 ring of dexterity (left hand)
Wands
 h - a wand of acid (6)
Scrolls
 e - 2 scrolls of teleportation
 j - a scroll of enchant armour
 o - a scroll of magic mapping
 s - a scroll of remove curse {unknown}
Potions
 d - a potion of mutation
 g - a potion of curing
 l - a potion of magic
 p - a potion of flight {unknown}
 r - a potion of agility {unknown}
 t - a potion of heal wounds {unknown}
 u - a potion of degeneration {unknown}
Books
 b - a book of Conjurations

   Spells                             Type                      Level
   a - Magic Dart                     Conjuration                  1
   b - Searing Ray                    Conjuration                  2
   c - Dazzling Spray                 Conjuration/Hexes            3
   d - Fulminant Prism                Conjuration/Hexes            4
   e - Force Lance                    Conjuration/Translocation    4
   f - Iskenderun's Mystic Blast      Conjuration                  4
 q - a book of Flames

   Spells                             Type                      Level
   a - Flame Tongue                   Conjuration/Fire             1
   b - Throw Flame                    Conjuration/Fire             2
   c - Conjure Flame                  Conjuration/Fire             3
   d - Inner Flame                    Hexes/Fire                   3
   e - Sticky Flame                   Conjuration/Fire             4
   f - Fireball                       Conjuration/Fire             5
Comestibles
 c - 6 rations
 k - a chunk of flesh


   Skills:
 - Level 2.4 Dodging
 - Level 2.4 Stealth
 + Level 5.8 Spellcasting
 * Level 7.5 Conjurations
 + Level 4.1 Hexes


You had 3 spell levels left.
You knew the following spells:

 Your Spells              Type           Power        Failure   Level  Hunger
a - Magic Dart            Conj           ####         1%          1    None
b - Searing Ray           Conj           #####.       1%          2    None
c - Dazzling Spray        Conj/Hex       ####..       2%          3    ##.....
d - Iskenderun's Mystic   Conj           #####...     4%          4    ####...
e - Fulminant Prism       Conj/Hex       ####......   9%          4    ####...


Dungeon Overview and Level Annotations

Branches:
Dungeon (7/15)
 Temple: D:4-7

Altars:
Gozag
Hepliaklqana
Nemelex Xobeh
Wu Jian
Zin
The Shining One

Shops:
D:7 *=%

Annotations:
D:4 exclusion: ogre
D:7 exclusions: killer bee and orc


Message History

The hippogriff misses you. The hippogriff claws you.
The hound skeleton barely misses you.
The searing ray hits the hippogriff.
The hippogriff is almost dead.
You finish channeling your searing ray.
The hippogriff closely misses you. The hippogriff pecks you.
The hippogriff claws you! The hound skeleton misses you.
Casting: Searing Ray
Confirm with . or Enter, or press ? or * to list all spells.
Aiming: Searing Ray
Press: ? - help, Shift-Dir - straight line, f/p - hippogriff
Aim: a hippogriff (almost dead)
The searing ray misses the hippogriff. (Press . to maintain the ray.)
The hound skeleton barely misses you. The hippogriff bites you!
* * * LOW HITPOINT WARNING * * *
The hippogriff pecks you.
* * * LOW HITPOINT WARNING * * *
The hippogriff claws you!
You die...

# .########
##.......#
##..⌠...⌠..
#..........
#.....⌠....
#..@H....>.
#...Z.⌠....
#..........
##..⌠...⌠..
##.......#
####.####
.# ##


You could see a hippogriff and a hound skeleton.

Vanquished Creatures
  Eustachio (D:3)
  Menkaure (D:4)
  The ghost of Dwachs the Sneak, an amateur SpEn (D:3)
  Natasha (twice) (D:4)
  An orc wizard (D:3)
  A worker ant (D:4)
  6 adders
  An ooze (D:3)
  An adder skeleton (D:7)
  3 worms
  3 dart slugs (D:1)
  A leopard gecko (D:4)
  5 orcs
  2 giant cockroaches
  6 goblins
  8 hobgoblins
  2 jackals (D:2)
  2 ball pythons
  5 bats
  4 frilled lizards
  7 kobolds
  6 rats
69 creatures vanquished.

Vanquished Creatures (others)
  A fulminant prism (D:4)
1 creature vanquished.

Grand Total: 70 creatures vanquished

Notes
Turn   | Place    | Note
-------+----------+-------------------------------------------
     0 | D:1      | KamiKatze the Deep Elf Conjurer began the quest for the Orb.
     0 | D:1      | Reached XP level 1. HP: 10/10 MP: 6/6
   442 | D:1      | Reached XP level 2. HP: 15/15 MP: 1/8
   446 | D:1      | Learned a level 2 spell: Searing Ray
   611 | D:1      | Reached skill level 5 in Conjurations
   940 | D:2      | Found a sparkling altar of Nemelex Xobeh.
  1005 | D:2      | Reached XP level 3. HP: 19/19 MP: 7/10
  1013 | D:2      | Learned a level 3 spell: Dazzling Spray
  1024 | D:2      | Found an ornate altar of the Wu Jian Council.
  1297 | D:2      | Reached skill level 1 in Hexes
  1325 | D:2      | Reached XP level 4. HP: 24/24 MP: 7/12
  1339 | D:2      | Learned a level 4 spell: Iskenderun's Mystic Blast
  1561 | D:3      | Noticed Dwachs's ghost (amateur SpEn)
  1569 | D:3      | Killed Dwachs's ghost
  1569 | D:3      | Reached skill level 6 in Conjurations
  1569 | D:3      | Reached XP level 5. HP: 26/28 MP: 3/13
  1717 | D:3      | Found a glowing silver altar of Zin.
  2043 | D:3      | Found an opulent altar of Gozag.
  2221 | D:4      | Noticed Eustachio
  2225 | D:4      | Noticed Natasha
  2241 | D:3      | Killed Eustachio
  2241 | D:3      | Reached skill level 5 in Spellcasting
  2241 | D:3      | Reached XP level 6. HP: 29/32 MP: 1/15
  2253 | D:3      | Learned a level 4 spell: Fulminant Prism
  2290 | D:4      | Noticed Menkaure
  2516 | D:4      | Killed Menkaure
  2516 | D:4      | Reached skill level 7 in Conjurations
  2573 | D:4      | Found a hazy altar of Hepliaklqana.
  2573 | D:4      | Found a glowing golden altar of the Shining One.
  2607 | D:4      | Killed Natasha
  2611 | D:4      | Noticed Natasha
  2615 | D:4      | Killed Natasha
  2739 | D:4      | Reached XP level 7. HP: 36/36 MP: 13/17
  2953 | D:4      | You fall through a shaft for 2 floors!
  3001 | D:7      | Found Juomuddu's Food Emporium.
  3054 | D:7      | Found Wuimuulu's General Store.
  3058 | D:7      | Found Siath's Jewellery Shoppe.
  3079 | D:6      | Noticed a hippogriff
  3084 | D:6      | Slain by a hippogriff

Skill      XL: |  1  2  3  4  5  6 |
---------------+-------------------+-----
Conjurations   | 5 6 7 |  7.5
Spellcasting   | 4 5 |  5.8
Hexes          | 1 2 3 4 |  4.1
Dodging        | |  2.4
Stealth        | |  2.4

Action                   |  1- 3 |  4- 6 |  7- 9 || total
-------------------------+-------+-------+-------++-------
Melee: Dagger            |       |     4 |       ||     4
 Cast: Magic Dart        |    57 |    36 |    15 ||   108
       Searing Ray       |     3 |     7 |     3 ||    13
       Dazzling Spray    |       |     4 |       ||     4
       Iskenderun's Myst |       |     4 |       ||     4
       Fulminant Prism   |       |     1 |       ||     1
  Use: Scroll            |       |     8 |       ||     8
 Stab: Invisible         |       |     2 |       ||     2
  Eat: Chunk             |     1 |     5 |     1 ||     7
Armor: Robe              |       |     4 |     3 ||     7
Dodge: Dodged            |     8 |     9 |    14 ||    31
